Map: Saalok station

Players

Tesla - Winner!

  • Race: Protoss Protoss

Niek

  • Race: Zerg Zerg

VOD

Have the link to the VOD?

Description

Time

  • Played on: July 22, 2016, 5:46 p.m.
  • Length: 10:48
Show
View Real Time Build Order
Export as new Build Order

Tesla Protoss - Winner!

Build Orders: Zealot Archon 

Get SALT Encoding   

  12  0:01  Probe (Chrono Boost)  
  13  0:12  Probe (Chrono Boost)  
  14  0:18  Pylon  
  14  0:22  Probe (Chrono Boost)  
  15  0:37  Probe (Chrono Boost)  
  15  0:39  Gateway  
  16  0:47  Probe (Chrono Boost)  
  17  0:51  Assimilator  
  17  0:58  Probe (Chrono Boost)  
  17  1:01  Pylon  
  18  1:08  Probe (Chrono Boost)  
  19  1:19  Probe (Chrono Boost)  
  20  1:27  Cybernetics Core  
  20  1:29  Probe (Chrono Boost)  
  21  1:40  Probe (Chrono Boost)  
  22  1:48  Warp Gate  
  22  1:50  Probe (Chrono Boost)  
  23  1:55  Nexus  
  24  2:02  Probe (Chrono Boost)  
  24  2:11  Assimilator  
  24  2:14  Probe (Chrono Boost)  
  25  2:28  Mothership Core (Chrono Boost)  
  27  2:34  Pylon  
  27  2:36  Stalker  
  29  2:47  Gateway  
  29  2:48  Probe (Chrono Boost)  
  30  2:51  Pylon  
  31  3:00  Probe (Chrono Boost)  
  31  3:12  Probe (Chrono Boost)  
  33  3:13  Probe (Chrono Boost)  
  33  3:21  Twilight Council  
  33  3:23  Probe (Chrono Boost)  
  33  3:24  Robotics Facility  
  33  3:26  Probe (Chrono Boost)  
  35  3:36  Probe (Chrono Boost)  
  37  3:43  Probe (Chrono Boost)  
  37  3:46  Resonating Glaives, Probe (Chrono Boost)  
  38  3:53  Assimilator  
  38  3:55  Probe (Chrono Boost)  
  39  3:57  Assimilator, Probe (Chrono Boost)  
  39  4:00  Pylon  
  40  4:06  Sentry x2  
  40  4:07  Probe (Chrono Boost)  
  40  4:08  Probe (Chrono Boost)  
  46  4:18  Probe (Chrono Boost)  
  46  4:19  Observer, Probe (Chrono Boost)  
  49  4:29  Probe (Chrono Boost)  
  51  4:31  Probe (Chrono Boost)  
  51  4:35  Gateway  
  51  4:36  Gateway  
  51  4:39  Gateway, Probe (Chrono Boost)  
  51  4:42  Forge  
  51  4:43  Probe (Chrono Boost)  
  53  4:46  Observer  
  53  4:51  Probe (Chrono Boost)  
  55  4:55  Probe (Chrono Boost)  
  56  5:02  Probe (Chrono Boost), Stalker x2  
  56  5:04  Protoss Ground Weapons Level 1  
  62  5:07  Probe (Chrono Boost)  
  62  5:11  Blink  
  62  5:12  Observer  
  62  5:13  Probe (Chrono Boost)  
  64  5:19  Probe (Chrono Boost)  
  65  5:25  Probe (Chrono Boost)  
  66  5:32  Probe (Chrono Boost)  
  66  5:35  Stalker  
  69  5:38  Nexus  
  69  5:41  Pylon  
  69  5:44  Pylon  
  70  5:50  Pylon  
  70  5:51  Probe (Chrono Boost)  
  70  5:53  Pylon  
  70  5:55  Assimilator  
  70  5:59  Assimilator, Warp Prism  
  70  6:01  Probe (Chrono Boost)  
  74  6:05  Probe (Chrono Boost)  
  74  6:13  Probe (Chrono Boost)  
  74  6:17  Templar Archives  
  76  6:19  Probe (Chrono Boost)  
  76  6:20  Pylon  
  76  6:21  Adept x3  
  76  6:22  Adept  
  76  6:23  Sentry  
  76  6:25  Probe (Chrono Boost)  
  87  6:39  Immortal  
  91  6:42  Probe x2 (Chrono Boost)  
  93  6:54  Probe x2 (Chrono Boost)  
  95  7:06  Probe x2 (Chrono Boost)  
  97  7:11  High Templar x4  
  97  7:12  Stalker  
  107  7:22  Gateway x2  
  107  7:25  Gateway  
  107  7:27  Gateway  
  107  7:29  Pylon  
  107  7:36  Immortal  
  111  7:37  Archon x2  
  111  7:40  Adept  
  111  7:42  Protoss Ground Weapons Level 2  
  113  7:55  Adept x2  
  113  7:56  Adept x2  
  121  8:16  Dark Shrine, Immortal  
  121  8:18  Charge, Gateway  
  121  8:19  Gateway  
  125  8:21  Pylon  
  125  8:25  High Templar x3  
  131  8:33  Zealot  
  133  8:45  Pylon x2  
  133  8:47  Pylon  
  133  8:48  Pylon  
  133  8:54  Stalker  
  133  8:55  Stalker, Immortal  
  141  9:09  Adept x6  
  153  9:15  Pylon  
  153  9:16  Pylon  
  153  9:18  Pylon  
  153  9:27  Archon  
  153  9:29  High Templar  
  155  9:31  Dark Templar x2  
  155  9:34  Zealot, Immortal  
  155  9:35  Zealot x5  
  155  9:36  Zealot  
  147  9:57  Stalker x4  
  147  9:58  Stalker x3  
  143  10:02  Stalker  
  143  10:22  Stalker x7  
  143  10:24  Zealot x2  
Show
View Real Time Build Order
Export as new Build Order

Niek Zerg 

Build Orders: 3 Hatch before Pool 

Get SALT Encoding   

  12  0:02  Drone  
  13  0:09  Drone  
  14  0:18  Overlord  
  14  0:41  Drone x2  
  14  0:42  Drone  
  17  0:57  Hatchery  
  17  1:03  Drone  
  17  1:04  Drone  
  18  1:24  Hatchery  
  17  1:27  Drone  
  17  1:28  Drone  
  19  1:42  Spawning Pool  
  18  1:47  Drone  
  18  1:52  Drone  
  20  2:05  Drone  
  21  2:19  Drone  
  21  2:20  Drone x2  
  21  2:22  Hatchery  
  23  2:26  Drone  
  24  2:31  Drone x2  
  26  2:42  Drone x2  
  26  2:43  Drone  
  29  2:50  Drone x2  
  31  2:57  Drone x2  
  33  3:01  Drone  
  34  3:12  Extractor x2  
  33  3:13  Zergling x4  
  34  3:24  Overlord x2  
  34  3:25  Overlord x2  
  34  3:42  Queen  
  34  3:43  Queen  
  34  3:44  Queen  
  34  3:45  Drone x3  
  34  3:47  Drone x3  
  34  3:48  Drone  
  47  3:54  Drone  
  48  4:01  Drone  
  49  4:10  Zergling x2  
  49  4:11  Zergling x6  
  53  4:18  Zergling x4  
  53  4:19  Zergling x2  
  56  4:31  Overlord x4  
  56  4:34  Metabolic Boost  
  56  4:39  Drone  
  56  4:40  Drone x4  
  61  4:55  Zergling x12  
  61  4:56  Drone  
  61  4:57  Drone x2  
  70  5:06  Drone x3  
  74  5:07  Drone x4  
  74  5:11  Extractor x2  
  74  5:13  Drone x2  
  74  5:14  Drone  
  78  5:15  Roach Warren  
  78  5:20  Queen  
  79  5:23  Queen  
  79  5:27  Extractor  
  79  5:28  Drone x2, Extractor  
  81  5:29  Drone  
  81  5:30  Drone  
  81  5:31  Drone x2  
  85  5:36  Lair  
  85  5:38  Drone x3  
  88  5:44  Drone x3  
  91  5:53  Evolution Chamber  
  91  5:54  Evolution Chamber  
  91  5:55  Evolution Chamber  
  88  6:00  Drone x2  
  88  6:01  Drone  
  91  6:08  Drone  
  92  6:21  Drone x4  
  92  6:23  Overlord x9  
  96  6:31  Zerg Missile Weapons Level 1, Zerg Melee Weapons Level 1  
  96  6:32  Zerg Ground Armor Level 1  
  96  6:35  Glial Reconstitution  
  93  6:47  Spore Crawler  
  93  6:48  Spore Crawler  
  93  6:51  Spore Crawler  
  90  6:58  Drone  
  90  6:59  Drone x10  
  100  7:02  Extractor  
  100  7:03  Extractor  
  88  7:24  Hatchery  
  88  7:27  Roach  
  88  7:28  Roach x17  
  123  7:31  Spore Crawler  
  123  7:36  Spine Crawler  
  121  7:37  Spine Crawler  
  121  7:39  Spine Crawler  
  119  7:58  Spire, Infestation Pit  
  119  7:59  Spire  
  116  8:10  Roach  
  116  8:11  Roach x19  
  156  8:45  Hydralisk Den  
  155  9:10  Hive  
  155  9:23  Muscular Augments  
  155  9:28  Queen  
  108  10:02  Mutalisk  
  108  10:03  Mutalisk x21  
Tags
 
Add a new tag
Caveats
  • Supply blocks, unpowered buildings, or Contaminate may cause inaccurate times.
  • Supply counts are checked every 10 seconds.